 Dungeon Crawl Stone Soup version 0.31.0-32-g396128a36d (webtiles) character file.

Game seed: 511997377262882873

143852 SomethingFishy the Severer (level 17, -1/152 HPs)
             Began as a Hill Orc Fighter on Apr 12, 2024.
             Was a High Priest of Trog.
             Slain by a yaktaur (3 damage)
             ... led by a vault warden
             ... on level 2 of the Vaults on Apr 13, 2024.
             The game lasted 02:10:44 (26686 turns).

SomethingFishy the Severer (Hill Orc Fighter)      Turns: 26686, Time: 02:10:44

Health: -1/152     AC: 39    Str: 35    XL:     17   Next: 38%
Magic:  18/18      EV: 14    Int:  8    God:    Trog [*****.]
Gold:   2939       SH: 17    Dex: 13    Spells: 16/16 levels left

rFire   + + .        V - +5 war axe of Ile Pugee {venom, ^Fragile Str+2 Dex+3}
rCold   + + .        H - +2 shield of Resistance {rF++ rC++ Will++}
rNeg    . . .        I - +6 crystal plate armour
rPois   .            t - +0 helmet
rElec   .            y - +0 cloak
rCorr   .            (no gloves)
SInv    +            O - +1 pair of boots {rampage}
Will    +++..        i - amulet of regeneration Stlth
                     b - +6 ring of strength
HPRegen 1.25/turn    x - ring of the Octopus King {HP+2 AC+2 EV+2 SH+2 SInv}
MPRegen 0.16/turn

%: rampage
@: lethally poisoned (-1 -> -30), on berserk cooldown, slowed, studying Long
Blades, very slow
A: no striking features
a: Renounce Religion, Berserk, Trog's Hand, Brothers in Arms


You were on level 2 of the Vaults.
You worshipped Trog.
Trog was extremely pleased with you.
You visited 5 branches of the dungeon, and saw 25 of its levels.
You also visited: Ossuary and Gauntlet.

You collected 3627 gold pieces.
You spent 688 gold pieces at shops.

Inventory:

Hand Weapons
 s - a +4 war axe of electrocution
 V - the +5 war axe of Ile Pugee (weapon) {venom, ^Fragile Str+2 Dex+3}
   (You found it on level 13 of the Dungeon)

   Str+2:     It affects your strength (+2).
   Dex+3:     It affects your dexterity (+3).
   ^Fragile:  It will be destroyed if unequipped.
Missiles
 X - 7 silver javelins (quivered)
Armour
 c - a scarf of invisibility
 t - a +0 helmet (worn)
 y - a +0 cloak (worn)
 H - the +2 shield of Resistance (worn) {rF++ rC++ Will++}
   (You took it off a minotaur in a Gauntlet)

   rF++:      It greatly protects you from fire.
   rC++:      It greatly protects you from cold.
   Will++:    It greatly increases your willpower.
 I - a +6 crystal plate armour (worn)
 L - a scarf of repulsion
 O - a +1 pair of boots of rampaging (worn)
 Y - a +4 scale mail of poison resistance
Jewellery
 b - a +6 ring of strength (left hand)
 i - an amulet of regeneration (around neck)
 x - a ring of the Octopus King (right hand) {HP+2 AC+2 EV+2 SH+2 SInv}
   (You found it in a Gauntlet)

   [ring of see invisible]

   AC+2:      It affects your AC (+2).
   EV+2:      It affects your evasion (+2).
   HP+2:      It affects your health (+2).
   SInv:      It lets you see invisible.
   SH+2:      It affects your SH (+2).
 E - an amulet of the acrobat
 F - a +6 ring of dexterity
 G - a ring of willpower
 K - a ring of protection from cold
 P - a ring of poison resistance
Talismans
 q - a dragon-blood talisman
Wands
 j - a wand of flame (31)
 r - a wand of charming (32)
 u - a wand of light (13)
 w - a wand of polymorph (7)
 N - a wand of mindburst (35)
 U - a wand of digging (5)
 Z - a wand of iceblast (19)
Scrolls
 e - 6 scrolls of immolation
 f - a scroll of fog {unknown}
 h - a scroll of torment
 l - a scroll of blinking {unknown}
 n - 3 scrolls of fear
 p - 5 scrolls of poison
 v - 3 scrolls of revelation
 A - 6 scrolls of teleportation
 B - 3 scrolls of enchant weapon
 R - a scroll of brand weapon
 T - 2 scrolls of butterflies {unknown}
 W - a scroll of vulnerability {unknown}
Potions
 a - 2 potions of berserk rage {unknown}
 d - a potion of invisibility
 g - 6 potions of heal wounds
 k - 3 potions of cancellation
 m - a potion of curing
 o - 2 potions of haste
 z - 2 potions of ambrosia
 C - 3 potions of mutation
 D - 3 potions of enlightenment
 J - a potion of attraction {unknown}
 M - a potion of resistance {unknown}
 Q - 2 potions of lignification {unknown}
 S - 2 potions of might


   Skills:
 * Level 13.5 Fighting
 + Level 1.7 Short Blades
 + Level 20.3 Axes
 + Level 1.5 Staves
 + Level 1.4 Ranged Weapons
 - Level 0.2 Throwing
 - Level 17.4 Armour
 - Level 13.1 Dodging
 - Level 15.1 Shields
 - Level 1.0 Unarmed Combat
 + Level 2.6 Invocations
 - Level 0.5 Evocations


You had 16 spell levels left.
You didn't know any spells.
Your spell library contained the following spells:

 Spells                   Type           Power      Damage    Failure   Level
 Kiss of Death            Conj/Necr      0%         2d5       99%         1
 Necrotise                Necr           0%         1d4       99%         1
 Sandblast                Erth           0%         2d4       99%         1
 Confusing Touch          Hex            0%         N/A       100%        3
 Passwall                 Erth           0%         N/A       100%        3
 Stone Arrow              Conj/Erth      0%         3d7       100%        3
 Vampiric Draining        Necr           0%         2d6       100%        3
 Brom's Barrelling Bould  Conj/Erth      0%         2d3       100%        4
 Dispel Undead            Necr           0%         3d6       100%        4
 Leda's Liquefaction      Alch/Erth      0%         N/A       100%        4
 Martyr's Knell           Necr/Summ      0%         N/A       100%        4
 Passage of Golubria      Tloc           0%         N/A       100%        4
 Curse of Agony           Necr           0%         N/A       100%        5
 Lee's Rapid Deconstruct  Erth           0%         3d4*      100%        5
 Silence                  Hex/Air        0%         N/A       100%        5
 Bombard                  Conj/Erth      0%         9d1       100%        6
 Lehudib's Crystal Spear  Conj/Erth      0%         10d2      100%        8


Dungeon Overview and Level Annotations

Branches:
Dungeon (15/15)            Temple (0/1) D:4            Lair (5/5) D:8
 Shoals (0/4) Lair:3       Spider (0/4) Lair:2        Slime (0/5) Lair:4
    Orc (2/2) D:9             Elf (0/3) Orc:2        Vaults (2/5) D:13
 Depths (1/4) D:15        Ossuary (visited)         Gauntlet (visited)
  Crypt: Vaults:2-3

Altars:
Cheibriados
Dithmenos
Elyvilon
Fedhas
Gozag
Kikubaaqudgha
Makhleb
Qazlal
Ru
Trog
Uskayaw
Wu Jian
Yredelemnul
The Shining One

Shops:
D:8 !   D:13 :   Orc:2 *=?[   Vaults:1 *?

Portals:
Hell: Depths:1
Pandemonium: Orc:2

Annotations:
Vaults:2 Zenata


Message History

The vault warden hits you with a +3 long sword!
* * * LOW HITPOINT WARNING * * *
Zenata points at you and mumbles some strange words.
A blast of power from the earth and the adjacent constructs strikes you!
* * * LOW HITPOINT WARNING * * *
Okay, then.
You feel much better.
* * * LOW HITPOINT WARNING * * *
You feel extremely sick.
You block the +6 long sword of freezing's attack.
The +1 trident of venom hits you from afar!
* * * LOW HITPOINT WARNING * * *
You block the harpy's attack. x2
The +6 long sword of freezing hits you but does no damage.
The +1 trident of venom hits you but does no damage.
The +2 vampiric battleaxe hits you!
* * * LOW HITPOINT WARNING * * *
The +2 vampiric battleaxe draws strength from your wounds!
The +2 vampiric battleaxe hits your deep troll.
The harpy barely misses you. The harpy claws you but does no damage.
Your deep troll barely misses the +2 vampiric battleaxe.
Your deep troll claws the +2 vampiric battleaxe.
Your deep troll claws the +2 vampiric battleaxe!
The +6 long sword of freezing hits you!
* * * LOW HITPOINT WARNING * * *
The +6 long sword of freezing freezes you.
* * * LOW HITPOINT WARNING * * *
The +1 trident of venom hits you but does no damage.
You are more poisoned.
The +2 vampiric battleaxe hits your deep troll!!
The +2 vampiric battleaxe hits you but does no damage.
Zenata closely misses you.
The vault warden activates a sealing rune.
The +6 long sword of freezing hits you but does no damage.
Your deep troll completely misses the +2 vampiric battleaxe.
Your deep troll claws the +2 vampiric battleaxe!
The +2 vampiric battleaxe is destroyed!
The +2 vampiric battleaxe disappears in a puff of smoke!
The yaktaur hits you.
You die...

#####+##......
#.............. ####+###
##...............
.......#..............°°..
.......#.............°....
.......#........Hc.○○.....
.......#......TaH(B.......
....<..#.......§@pc.....°.
.......#........c9.......c
.......#........(†.).c....
#####+##........)).)......
..........................
..........................
##+######################.


You could see Zenata (extremely poisoned), a vault warden, a boulder beetle
(rolling, very poisoned), a crystal guardian (strong), 4 yaktaurs, 2 harpies, 2
dancing weapons and a friendly deep troll (summoned, berserk).

Vanquished Creatures
  A sphinx (Vaults:1)
  Frances (D:14)
  A fire giant (Vaults:1)
  2 vault wardens (Vaults:1)
  4 spectral caustic shrikes (Depths:1)
  4 ironbound preservers
  2 ironbound thunderhulks (Vaults:1)
  A stone giant (Depths:1)
  Nessos (Orc:2)
  A war gargoyle (Vaults:2)
  A minotaur (Gauntlet)
  Snorg (D:14)
  An ettin (D:15)
  A green death (Gauntlet)
  An entropy weaver (shapeshifter) (D:14)
  Josephine (D:10)
  A fire dragon (D:15)
  Erolcha (Orc:2)
  4 vault guards
  2 yaktaur captains (Vaults:1)
  A deep elf high priest (Vaults:1)
  Harold (Lair:1)
  6 catoblepae
  2 great orbs of eyes (Vaults:1)
  2 hydras (Lair:2)
  2 peacekeepers (Vaults:2)
  An entropy weaver (Gauntlet)
  Erica (D:11)
  2 demonspawn (Orc:2)
  9 centaur warriors
  An ironbound frostheart (Vaults:1)
  5 two-headed ogres
  The ghost of Peloso the Carver, a novice MiFi of Okawaru (D:10)
  3 boulder beetles
  A vampire mage (Depths:1)
  4 tengu warriors
  8 orc high priests (Orc:2)
  8 death yaks
  A soul eater (Orc:2)
  4 skeletal warriors (D:15)
  A skyshark (Lair:2)
  8 deep trolls
  2 arcanists (Vaults:1)
  An orb spider (Lair:2)
  4 ironbound convokers (Vaults:1)
  4 lindwurms
  The ghost of CapUranus the Cleaver, a novice HOFi of Gozag (D:6)
  A glowing orange brain (D:13)
  3 harpies (Vaults:2)
  2 necromancers
  A deep elf pyromancer (D:12)
  3 orc knights
  5 manticores
  An oklob plant (Lair:4)
  14 ugly things
  5 orc sorcerers
  6 cyclopes
  Maurice (D:9)
  6 elephants (Lair:4)
  2 kobold blastminers (Orc:2)
  A merfolk siren (Lair:3)
  A frost giant skeleton (Vaults:1)
  A meliai (shapeshifter) (D:14)
  2 black mambas (Lair:2)
  Joseph (D:7)
  A smoke demon (Orc:2)
  A torpor snail (Lair:1)
  2 orange demons (Gauntlet)
  2 gargoyles
  2 vault sentinels (Vaults:1)
  15 cane toads
  8 komodo dragons
  7 yaktaurs
  3 rime drakes
  A freezing wraith (D:15)
  A hellwing (Orc:2)
  Psyche (D:11)
  A red devil (Orc:2)
  6 trolls
  A tengu conjurer (D:15)
  2 polar bears
  9 blink frogs
  10 dream sheep
  2 shadows
  25 slime creatures
  A vampire (D:11)
  4 wraiths
  7 basilisks
  10 vampire mosquitoes
  6 wargs
  63 yaks
  5 wyverns
  A redback (Gauntlet)
  2 steam dragons
  A glowing shapeshifter zombie (Vaults:1)
  2 acid dragons
  A glowing shapeshifter skeleton (Vaults:1)
  17 water moccasins
  40 orc warriors
  An ettin simulacrum (Vaults:1)
  2 black bears
  4 ogres
  11 wolves
  12 centaurs
  2 weeping skulls (Ossuary)
  An elf zombie (Ossuary)
  4 kobold brigands
  6 bullfrogs
  6 earth elementals (D:13)
  A scorpion (D:4)
  5 howler monkeys
  4 jellies
  An electric eel (Lair:2)
  A crimson imp (D:7)
  6 hounds
  3 quasits (D:6)
  A human zombie (Ossuary)
  A gnoll bouda (D:8)
  30 orc priests
  A sleepcap (D:7)
  Ijyb (D:4)
  21 orc wizards
  Natasha (twice) (D:3)
  6 iguanas
  2 mummies (Ossuary)
  6 adders
  3 gnolls (D:8)
  A shadow imp (D:5)
  A white imp (D:5)
  An adder zombie (Ossuary)
  10 ribbon worms
  82 orcs
  7 endoplasms
  7 giant cockroaches
  3 goblins
  7 hobgoblins
  2 jackals (D:4)
  22 kobolds
  3 quokkas
  7 ball pythons
  5 bats
  6 frilled lizards
  A kobold zombie (Ossuary)
  An orc zombie (Ossuary)
  5 rats
  2 rat zombies (D:4)
749 creatures vanquished.

Vanquished Creatures (collateral kills)
  An ironbound thunderhulk (Vaults:1)
  A stone giant (Vaults:1)
  2 hydras
  A skeletal warrior (D:15)
  An ugly thing (Vaults:1)
  A vault sentinel (Vaults:1)
  A black mamba (Lair:5)
8 creatures vanquished.

Vanquished Creatures (others)
  An orc warrior (Orc:1)
1 creature vanquished.

Grand Total: 758 creatures vanquished

Notes
Turn   | Place    | Note
-------+----------+-------------------------------------------
     0 | D:1      | SomethingFishy the Hill Orc Fighter began the quest for the
                  | Orb.
     0 | D:1      | Reached XP level 1. HP: 19/19 MP: 1/1
   303 | D:1      | Reached skill level 3 in Axes
   312 | D:1      | Reached XP level 2. HP: 24/27 MP: 2/2
   969 | D:2      | Reached skill level 4 in Axes
  1016 | D:2      | Reached XP level 3. HP: 31/33 MP: 3/3
  1766 | D:3      | Reached skill level 5 in Axes
  1834 | D:3      | Reached XP level 4. HP: 38/40 MP: 4/4
  1903 | D:3      | Found a shadowy altar of Dithmenos.
  2398 | D:3      | Found a faded altar of an unknown god.
  2489 | D:3      | Noticed Natasha
  2496 | D:3      | Killed Natasha
  2497 | D:3      | Reached skill level 6 in Axes
  2497 | D:3      | Reached XP level 5. HP: 30/46 MP: 5/5
  2509 | D:3      | Found a sacrificial altar of Ru.
  2511 | D:3      | Found an ancient bone altar of Kikubaaqudgha.
  2516 | D:3      | Noticed Natasha
  2524 | D:3      | Killed Natasha
  2632 | D:4      | Found a staircase to the Ecumenical Temple.
  2684 | D:4      | Found a sand-covered staircase.
  2694 | Ossuary  | Entered an ossuary
  2694 | Ossuary  | Found a huge runed translucent gate.
  2694 | Ossuary  | Found a huge runed translucent gate.
  2694 | Ossuary  | Found a huge runed translucent gate.
  2694 | Ossuary  | Found a huge runed translucent gate.
  2694 | Ossuary  | Found a huge runed translucent gate.
  2694 | Ossuary  | Found a huge runed translucent gate.
  2694 | Ossuary  | Found a huge runed translucent gate.
  2694 | Ossuary  | Found a huge runed translucent gate.
  2695 | Ossuary  | Found a huge runed translucent gate.
  2695 | Ossuary  | Found a huge runed translucent gate.
  2696 | Ossuary  | Found a huge runed translucent gate.
  2696 | Ossuary  | Found a huge runed translucent gate.
  2697 | Ossuary  | Found a huge runed translucent gate.
  2699 | Ossuary  | Found a huge runed translucent gate.
  2699 | Ossuary  | Found a huge runed translucent gate.
  2707 | Ossuary  | Found a huge runed translucent gate.
  2707 | Ossuary  | Found a huge runed translucent gate.
  2707 | Ossuary  | Found a huge runed translucent gate.
  2707 | Ossuary  | Found a huge runed translucent gate.
  2707 | Ossuary  | Found a huge runed translucent gate.
  2716 | Ossuary  | Reached skill level 7 in Axes
  2716 | Ossuary  | Found a huge runed translucent gate.
  2716 | Ossuary  | Found a huge runed translucent gate.
  2718 | Ossuary  | Found a huge runed translucent gate.
  2718 | Ossuary  | Found a huge runed translucent gate.
  2719 | Ossuary  | Found a huge runed translucent gate.
  2719 | Ossuary  | Found a huge runed translucent gate.
  2720 | Ossuary  | Found a huge runed translucent gate.
  2720 | Ossuary  | Found a huge runed translucent gate.
  2731 | Ossuary  | Found a huge runed translucent gate.
  2731 | Ossuary  | Found a huge runed translucent gate.
  2740 | Ossuary  | Found a huge runed translucent gate.
  2740 | Ossuary  | Found a huge runed translucent gate.
  2740 | Ossuary  | Found a huge runed translucent gate.
  2740 | Ossuary  | Found a huge runed translucent gate.
  2742 | Ossuary  | Found a huge runed translucent gate.
  2776 | Ossuary  | Noticed a weeping skull
  2778 | Ossuary  | Noticed a weeping skull
  2820 | Ossuary  | Killed a weeping skull
  2821 | Ossuary  | Reached XP level 6. HP: 22/53 MP: 6/6
  2825 | Ossuary  | Reached skill level 8 in Axes
  2838 | Ossuary  | Reached skill level 5 in Fighting
  2838 | Ossuary  | Reached XP level 7. HP: 33/61 MP: 7/7
  2939 | D:4      | Reached skill level 9 in Axes
  3273 | D:4      | Noticed Ijyb
  3299 | D:4      | Killed Ijyb
  3428 | D:4      | Found an opulent altar of Gozag.
  3647 | D:5      | Entered Level 5 of the Dungeon
  3659 | D:5      | Reached skill level 10 in Axes
  3765 | D:5      | Found a hide-covered altar of Uskayaw.
  3830 | D:5      | Reached XP level 8. HP: 69/69 MP: 8/8
  3864 | D:5      | Reached skill level 11 in Axes
  4051 | D:5      | Found a snail-covered altar of Cheibriados.
  4179 | D:5      | Reached skill level 12 in Axes
  4503 | D:6      | Found a stormy altar of Qazlal.
  4602 | D:6      | Found a transporter.
  4607 | D:6      | Reached skill level 13 in Axes
  4677 | D:6      | Reached XP level 9. HP: 73/78 MP: 9/9
  4776 | D:6      | Found a transporter.
  4799 | D:6      | Noticed CapUranus's ghost (novice HOFi)
  5155 | D:7      | Reached skill level 14 in Axes
  5307 | D:7      | Noticed Joseph
  5535 | D:7      | Identified the +1 robe "Hihos" {rElec Int+5 Stlth+}
  6144 | D:7      | Found a burning altar of Makhleb.
  6235 | D:8      | Found a blossoming altar of Fedhas.
  6272 | D:8      | Found Houluses's Distillery.
  6346 | D:8      | Reached skill level 15 in Axes
  6662 | D:8      | Found a staircase to the Lair.
  6685 | D:8      | Found an ornate altar of the Wu Jian Council.
  7029 | D:9      | Noticed Maurice
  7131 | D:9      | Found a bloodstained altar of Trog.
  7154 | D:9      | Became a worshipper of Trog the Wrathful
  7214 | D:9      | Maurice stole an amulet of the acrobat
  7227 | D:9      | Killed Maurice
  7283 | D:9      | Found a white marble altar of Elyvilon.
  7455 | D:9      | Reached skill level 16 in Axes
  7455 | D:9      | Reached XP level 10. HP: 82/88 MP: 10/10
  8077 | D:9      | Reached * piety under Trog
  8095 | D:9      | Reached skill level 17 in Axes
  8095 | D:9      | Reached skill level 1 in Unarmed Combat
  8155 | D:9      | Found a staircase to the Orcish Mines.
  8316 | D:10     | Entered Level 10 of the Dungeon
  8391 | D:10     | Found a runed translucent door.
  8391 | D:10     | Noticed Peloso's ghost (novice MiFi)
  8577 | D:10     | Noticed Josephine
  8752 | D:7      | Killed Joseph
  9134 | D:6      | Killed CapUranus's ghost
  9135 | D:6      | Reached skill level 18 in Axes
  9286 | Lair:1   | Entered Level 1 of the Lair of Beasts
  9288 | Lair:1   | Noticed Harold
  9328 | Lair:1   | Reached XP level 11. HP: 76/99 MP: 11/11
  9332 | Lair:1   | Reached skill level 10 in Fighting
  9338 | Lair:1   | Killed Harold
  9587 | Lair:1   | Reached ** piety under Trog
  9588 | Lair:1   | Reached skill level 5 in Armour
 10399 | Lair:2   | Reached skill level 10 in Armour
 10399 | Lair:2   | Reached XP level 12. HP: 64/107 MP: 12/12
 10529 | Lair:2   | Identified the +1 rapier "Duafamis" {vamp, rElec Int-5
                  | Dex+6 Stlth-}
 10566 | Lair:2   | Noticed a four-headed hydra
 10710 | Lair:2   | Noticed a skyshark
 10721 | Lair:2   | Killed a skyshark
 11215 | Lair:2   | Noticed a catoblepas
 11229 | Lair:2   | Killed a catoblepas
 11355 | Lair:2   | Found a hole to the Spider Nest.
 11987 | Lair:3   | Noticed a four-headed hydra
 12256 | Lair:3   | Reached *** piety under Trog
 12323 | Lair:3   | Noticed a death yak
 12323 | Lair:3   | Noticed a death yak
 12324 | Lair:3   | Noticed a death yak
 12328 | Lair:3   | Noticed a death yak
 12345 | Lair:2   | Killed a death yak
 12863 | D:10     | Killed Josephine
 12991 | D:10     | Found a basalt altar of Yredelemnul.
 13328 | D:10     | Killed Peloso's ghost
 13329 | D:10     | Reached XP level 13. HP: 56/114 MP: 13/13
 13613 | D:11     | Reached skill level 15 in Armour
 13675 | D:11     | Noticed Erica
 13691 | D:11     | Killed Erica
 13696 | D:11     | Noticed Psyche
 14424 | D:13     | Identified the +5 war axe of Ile Pugee {venom, ^Fragile
                  | Str+2 Dex+3}
 14620 | D:13     | Reached **** piety under Trog
 14669 | D:13     | Identified a scroll of acquirement
 14670 | D:13     | Acquired the +5 buckler of the Tundras {rC+ Int+3 Dex+3}
 14845 | D:13     | Found Uninoog's Tremendous Tomes.
 14972 | D:13     | Identified the +0 scale mail of Day {rPois Will- Regen+
                  | SInv}
 14976 | D:13     | Noticed a vault guard
 15003 | D:13     | Killed a vault guard
 15004 | D:13     | Reached skill level 5 in Shields
 15026 | D:13     | Found a gate to the Vaults.
 15388 | D:11     | Killed Psyche
 15975 | Lair:3   | Reached XP level 14. HP: 122/122 MP: 14/14
 16231 | Lair:3   | Found a staircase to the Shoals.
 16854 | Lair:4   | Reached skill level 10 in Shields
 17009 | Lair:4   | Found a staircase to the Slime Pits.
 17148 | Lair:4   | Found a gate leading to a gauntlet.
 17165 | Gauntlet | Entered a Gauntlet
 17165 | Gauntlet | Found a transporter.
 17168 | Gauntlet | Found a transporter.
 17174 | Gauntlet | Found a transporter.
 17175 | Gauntlet | Found a transporter.
 17176 | Gauntlet | Found a transporter.
 17177 | Gauntlet | Found a large runed translucent door.
 17178 | Gauntlet | Found a large runed translucent door.
 17179 | Gauntlet | Found a large runed translucent door.
 17179 | Gauntlet | Found a large runed translucent door.
 17179 | Gauntlet | Found a runed translucent door.
 17180 | Gauntlet | Found a large runed translucent door.
 17181 | Gauntlet | Found a large runed translucent door.
 17183 | Gauntlet | Found a large runed translucent door.
 17183 | Gauntlet | Found a large runed translucent door.
 17185 | Gauntlet | Found a runed translucent door.
 17186 | Gauntlet | Found a large runed translucent door.
 17186 | Gauntlet | Found a large runed translucent door.
 17186 | Gauntlet | Found a large runed translucent door.
 17186 | Gauntlet | Found a large runed translucent door.
 17187 | Gauntlet | Found a transporter.
 17187 | Gauntlet | Found a large runed translucent door.
 17187 | Gauntlet | Found a large runed translucent door.
 17188 | Gauntlet | Found a large runed translucent door.
 17188 | Gauntlet | Found a large runed translucent door.
 17297 | Gauntlet | Found a runed translucent gate.
 17297 | Gauntlet | Found a runed translucent gate.
 17297 | Gauntlet | Found a runed translucent gate.
 17298 | Gauntlet | Found a transporter.
 17298 | Gauntlet | Found the ring of the Octopus King
 17341 | Gauntlet | Identified a ring of the Octopus King {HP+2 AC+2 EV+2 SH+2
                  | SInv}
 17550 | Gauntlet | Found the ring of Shadows {Umbra +Inv Stlth+}
 17564 | Gauntlet | Identified the ring of Faele Roxu {Fly rC+ Will+}
 17848 | Lair:5   | Entered Level 5 of the Lair of Beasts
 18043 | Lair:5   | Reached ***** piety under Trog
 18468 | Lair:5   | Received a gift from Trog
 18479 | Lair:5   | Reached XP level 15. HP: 123/128 MP: 15/15
 19882 | D:14     | Identified the +9 plate armour "Annyunant" {Harm Str+5}
 19925 | D:14     | Noticed Snorg
 19937 | D:14     | Killed Snorg
 19938 | D:14     | Reached skill level 15 in Shields
 20349 | D:14     | Noticed Frances
 20375 | D:14     | Killed Frances
 20719 | D:15     | Entered Level 15 of the Dungeon
 20867 | D:15     | Reached skill level 19 in Axes
 20958 | D:15     | Found a staircase to the Depths.
 21112 | D:15     | Acquired a manual of Dodging
 21237 | D:15     | Reached skill level 1 in Dodging
 21481 | D:15     | Found a glowing golden altar of the Shining One.
 22242 | Orc:1    | Entered Level 1 of the Orcish Mines
 22385 | Orc:2    | Entered Level 2 of the Orcish Mines
 22401 | Orc:2    | Reached skill level 5 in Dodging
 22588 | Orc:2    | Found Dextinn's General Store.
 22594 | Orc:2    | Found Baisk's Magic Scroll Boutique.
 22613 | Orc:2    | Reached skill level 1 in Invocations
 22811 | Orc:2    | Found a staircase to the Elven Halls.
 22883 | Orc:2    | Noticed Nessos
 22917 | Orc:2    | Killed Nessos
 22974 | Orc:2    | Reached XP level 16. HP: 139/139 MP: 16/16
 23062 | Orc:2    | Received a gift from Trog
 23190 | Orc:2    | Noticed Erolcha
 23206 | Orc:2    | Killed Erolcha
 23207 | Orc:2    | Reached skill level 1 in Short Blades
 23526 | Orc:2    | Reached skill level 10 in Dodging
 23536 | Orc:2    | Found Dunistrimp's Jewellery Shoppe.
 23536 | Orc:2    | Found Zenurchub's Antique Armour Emporium.
 23537 | Orc:2    | Found a one-way gate leading to the halls of Pandemonium.
 23552 | Orc:2    | Bought a helmet for 148 gold pieces
 24691 | Depths:1 | Entered Level 1 of the Depths
 24752 | Depths:1 | Found a gateway to Hell.
 24876 | Depths:1 | Reached skill level 1 in Staves
 24881 | Depths:1 | Reached skill level 1 in Ranged Weapons
 24990 | Vaults:1 | Entered Level 1 of the Vaults
 25323 | Vaults:1 | Found Arghynoil's General Store.
 25357 | Vaults:1 | Bought a scroll of enchant armour for 135 gold pieces
 25409 | Vaults:1 | Received a gift from Trog
 25644 | Vaults:1 | Reached XP level 17. HP: 146/146 MP: 18/18
 25776 | Vaults:1 | Reached skill level 20 in Axes
 25959 | Vaults:1 | Found Boackaco's Magic Scroll Emporium.
 25967 | Vaults:1 | Bought 3 scrolls of enchant armour for 405 gold pieces
 26325 | Vaults:1 | Noticed a sphinx
 26335 | Vaults:1 | Killed a sphinx
 26663 | Vaults:2 | Noticed Zenata
 26665 | Vaults:2 | Received a gift from Trog
 26686 | Vaults:2 | HP: 3/152 [+6 long sword of freezing[Zenata] (9)]
 26686 | Vaults:2 | Slain by a yaktaur

Illustrated notes

Levels and vault maps discovered:
D:1:      matt_arrival_spirals, layout_basic, minmay_tromino_v7
D:2:      layout_loops_ring, kennysheep_nub, minmay_misc_feat_cross
D:3:      minmay_skewed_foursquare, layout_basic,
          mainiacjoe_overflow_small_starburst, nicolae_overflow_hidden_temple,
          ebering_ecumenical_altar_hall, minmay_misc_feat_alley, uniq_natasha
D:4:      layout_basic, nicolae_gozag_seed_capital, temple_hall,
          enter_ossuary_4, hex_large, uniq_ijyb
D:5:      cheibrodos_thug_alley, layout_rooms, kennysheep_mini_moat,
          lemuel_round_altar, nrook_mini_backslash, serial_park_tiny_2,
          kennysheep_decorative_pillar, minivault_25, nicolae_wormholes
D:6:      layout_rooms, nicolae_overflow_crystal_walls,
          gammafunk_ghost_stat_death
D:7:      layout_loops_ring, makhleb_grotto_becter, uniq_joseph
D:8:      layout_loops_ring, mainiacjoe_overflow_chevrons,
          nzn_wu_jian_contemplation, dpeg_oklobed_lair, serial_shops, shop
D:9:      layout_loops_ring, amcnicky_altar_gilded,
          mainiacjoe_overflow_surrounded_room, david_orc_4, minivault_11,
          uniq_maurice
D:10:     layout_cave_pods, yredelemnul_altar_generic, gammafunk_ghost_grave,
          uniq_josephine
D:11:     layout_rooms, serial_curves, eino_curves_01, eino_curves_02,
          uniq_psyche, uniq_erica
D:12:     layout_cave_pools
D:13:     layout_roguey, hellmonk_vaults_order_and_chaos,
          nicolae_shop_i_like_big_books, hangedman_cracks_in_the_wall
D:14:     layout_basic, hangedman_decor_growths, uniq_snorg, uniq_frances
D:15:     hangedman_depths_entry_civil_slaughter, layout_cave_pods, tso_altar
Lair:1:   layout_long_grid, grunt_megastairs_3, uniq_harold
Lair:2:   layout_gridlike, nicolae_spider_entry_orb_guardian, st_stairs_8,
          serial_bayou_shore_a, lemuel_fruit_tree
Lair:3:   layout_cave_pods, elwin_shoals_entry_rooms
Lair:4:   layout_cave_shapes, minmay_slime_entry_pillars,
          gauntlet_entry_generic, lemuel_fruit_fields
Lair:5:   evilmike_catoblepas_cave, layout_small_grid
Orc:1:    layout_caves
Orc:2:    pf_orc_diabolical, layout_caves, uniq_nessos, uniq_erolcha
Vaults:1: nicolae_vaults_double_plus_3, v_misc_16, hangedman_vaults_trim,
          hangedman_vaults_maws, kb_rosetta, nicolae_vaults_network_star,
          vaults_room_fancy_cross, vaults_room_octagon, vaults_room_fours,
          nicolae_vaults_sesquioval_fish, vaults_room_hallway,
          vaults_dpeg_diagonal, layout_vaults_ring, serial_shops,
          nicolae_shop_tiny_real_fake_doors, shop
Vaults:2: infiniplex_enter_wizlab_spiral, vaults_room_guarded_vault,
          nicolae_vaults_little_squares_6, minmay_crypt_entry_necro_gods,
          nicolae_vaults_angled_halls, nicolae_vaults_little_squares_3,
          grunt_vaults_hallway_short, vaults_room_door_hall,
          nicolae_vaults_alarming, layout_vaults_omnigrid, uniq_zenata
Depths:1: layout_gridville, nrook_campfire, pf_hell_entry_tar_river,
          abyss_entry, serial_shops, shop, evilmike_ruin_ashenzari

Skill      XL: |  1  2  3  4  5  6  7  8  9 10 11 12 13 14 15 16 17 |
---------------+----------------------------------------------------+-----
Axes           | 3 4 5 6 7 8 10 13 16 18 19 20 | 20.3
Fighting       | 4 5 6 7 9 10 11 13 | 13.5
Unarmed Combat | 1 |  1.0
Armour         | 10 14 17 | 17.4
Shields        | 7 14 15 | 15.1
Dodging        | 7 13 | 13.1
Invocations    | 1 2 |  2.6
Short Blades   | 1 |  1.7
Staves         | 1 |  1.5
Ranged Weapons | 1 |  1.4
Throwing       | |  0.2
Evocations     | |  0.5

Action                     |  1- 3 |  4- 6 |  7- 9 | 10-12 | 13-15 | 16-18 || total
---------------------------+-------+-------+-------+-------+-------+-------++-------
  Melee: War axe           |   134 |   118 |   326 |   576 |   972 |   446 ||  2572
         Unarmed           |       |       |     9 |       |       |       ||     9
  Throw: Throwing net      |       |       |       |       |     2 |       ||     2
 Invoke: Berserk           |       |       |       |     9 |    24 |    10 ||    43
         Trog's Hand       |       |       |       |     1 |     2 |       ||     3
         Brothers in Arms  |       |       |       |       |     5 |     2 ||     7
  Evoke: Wand              |       |       |     7 |     6 |     5 |       ||    18
    Use: Scroll            |       |     6 |       |     4 |    21 |     5 ||    36
         Potion            |       |     1 |     2 |     2 |     1 |     1 ||     7
   Stab: Distracted        |       |       |       |       |     1 |       ||     1
 Armour: Scale mail        |   108 |    74 |   246 |   175 |       |       ||   603
         Skin              |       |       |     8 |       |       |       ||     8
         Crystal plate arm |       |       |       |   329 |   928 |   301 ||  1558
  Dodge: Dodged            |    82 |    53 |   126 |   123 |   229 |   159 ||   772
  Block: Buckler           |    40 |    22 |    52 |   103 |   234 |       ||   451
         Kite shield       |       |       |       |       |   547 |   387 ||   934
